 Dungeon Crawl Stone Soup version 0.29.0-13-gc9e81de378 (webtiles) character file.

Game seed: 9173062797067121787

17754 sanka the Severer (level 12, -4/103 HPs)
             Began as a Palentonga Monk on Sept 9, 2022.
             Was a High Priest of Okawaru.
             Slain by a dire elephant simulacrum (7 damage)
             ... in an ice cave.
             The game lasted 00:27:33 (16239 turns).

sanka the Severer (Palentonga Monk)                Turns: 16239, Time: 00:27:34

Health: -4/103     AC: 35    Str: 20    XL:     12   Next: 21%
Magic:  0/19       EV:  5    Int: 11    God:    Okawaru [*****.]
Gold:   434        SH:  0    Dex: 14    Spells: 9/11 levels left

rFire   . . .      SeeInvis +   a - +2 battleaxe (freeze)
rCold   + + .      Faith    .   (shield currently unavailable)
rNeg    . . .      Spirit   +   W - +0 plate armour {rC+}
rPois   .          Reflect  .   y - +2 helmet
rElec   .          Harm     .   H - +0 cloak
rCorr   .          Rampage  .   n - +0 pair of gloves
Will    .....                   m - +1 barding {rF+}
Stlth   ..........              B - amulet of guardian spirit
HPRegen 0.27/turn               u - +4 ring of protection
MPRegen 0.16/turn               Q - ring of ice

@: heroic, curled up
A: large, rugged brown scales 3, see invisible, deformed body, roll 1, armoured
tail, reflexive curl
a: Rolling Charge, Renounce Religion, Heroism, Finesse, Duel


You were in an ice cave.
You worshipped Okawaru.
Okawaru was extremely pleased with you.
You visited 1 branch of the dungeon, and saw 11 of its levels.
You also visited: Ice Cave.

You collected 634 gold pieces.
You spent 200 gold pieces at shops.


Innate Abilities, Weirdness & Mutations

You are completely covered in rugged brown scales. (AC +3, +7% HP)
You have supernaturally acute eyesight. (SInv)
Armour fits poorly on your strangely shaped body.
You can roll at nearby foes to attack.
You have a long armoured tail.
You curl defensively after being hit. (AC +7*)


   Skills:
 - Level 10.0(15.0) Fighting
 - Level 15.0(20.0) Axes
 - Level 4.0(9.0) Armour
 - Level 2.4(7.4) Dodging
 - Level 1.2(6.2) Stealth
 + Level 9.7 Invocations


You had 9 spell levels left.
You knew the following spells:

 Your Spells              Type           Power      Damage    Failure   Level
N - Passwall              Tmut/Erth      0%         N/A       100%        2

Your spell library contained the following spells:

 Spells                   Type           Power      Damage    Failure   Level
 Beastly Appendage        Tmut           0%         N/A       100%        1
 Ensorcelled Hibernation  Hex/Ice        0%         N/A       100%        2
 Poisonous Vapours        Pois/Air       0%         N/A       100%        2
 Wereblood                Tmut           0%         N/A       100%        2
 Conjure Flame            Conj/Fire      0%         6-21      100%        3
 Ignite Poison            Fire/Tmut/Pois 0%         N/A       100%        3
 Spider Form              Tmut/Pois      0%         N/A       100%        3
 Swiftness                Air            0%         N/A       100%        3
 Corpse Rot               Necr/Pois/Air  0%         N/A       100%        4
 Sticky Flame             Conj/Fire      0%         2d3       100%        4

Inventory:

Hand Weapons
 a - a +2 battleaxe of freezing (weapon)
Missiles
 S - 2 silver javelins
 T - a curare-tipped dart {=f}
Armour
 m - a +1 barding of fire resistance (worn)
 n - a +0 pair of gloves (worn)
 y - a +2 helmet (worn)
 H - a +0 cloak (worn)
 L - a +1 kite shield of cold resistance
 V - +0 acid dragon scales
 W - a +0 plate armour of cold resistance (worn)
Jewellery
 d - a ring of fire
 t - a ring of protection from fire
 u - a +4 ring of protection (left hand)
 B - an amulet of guardian spirit (around neck)
 E - a ring of wizardry
 F - an amulet of reflection
 O - a ring of willpower
 Q - a ring of ice (right hand)
Wands
 b - a wand of flame (15)
 c - a wand of charming (4)
 N - a wand of mindburst (8)
 U - a wand of iceblast (3)
Scrolls
 f - 2 scrolls of enchant armour
 g - 2 scrolls of enchant weapon
 h - 5 scrolls of poison {!r}
 i - a scroll of blinking {unknown}
 j - 5 scrolls of teleportation {@r4}
 l - 2 scrolls of silence {!r}
 p - 6 scrolls of vulnerability {!r}
 s - a scroll of noise {!r}
 C - 3 scrolls of magic mapping
 G - a scroll of summoning {unknown}
 J - a scroll of fear {unknown}
 K - a scroll of brand weapon
 M - a scroll of amnesia {unknown}
 P - a scroll of immolation {unknown}
Potions
 e - 3 potions of haste {unknown}
 k - a potion of resistance {unknown}
 o - 2 potions of degeneration {unknown}
 q - a potion of heal wounds {unknown}
 r - a potion of flight {unknown}
 v - a potion of magic {unknown}
 w - 2 potions of lignification {!q}
 x - 4 potions of mutation {unknown}
 z - a potion of invisibility {unknown}
 A - a potion of berserk rage {unknown}
 D - a potion of might {unknown}
 I - 2 potions of attraction {unknown}
 R - a potion of curing {@q1}

Dungeon Overview and Level Annotations

Branches:
Dungeon (11/15)            Temple (0/1) D:7            Lair (0/5) D:10
    Orc (0/2) D:9           IceCv (1/1)

Altars:
Dithmenos
Fedhas
Gozag
Okawaru
Trog
Vehumet
Yredelemnul

Shops:
D:2 :   D:4 [   D:5 (

Annotations:
D:7 exclusion: downstairs
D:11 exclusion: obsidian statue IceCv exclusion: ice statue

.........[▒ ▒▒.. ..▒▒
..........▒ ▒...▒ ▒.Z.▒
.......▒▒▒▒ ▒Z.Z▒▒▒▒....
▒▒...▒▒▒ ▒.........▒
▒▒..▒▒ ▒▒▒ ▒....8...▒
..▒▒▒▒ ▒▒▒.▒▒ ▒.§....▒
..▒..▒▒▒▒▒....▒▒▒▒▒#...▒
▒.....▒....▒▒...▒.▒▒...▒
▒▒▒▒▒....▒▒▒▒▒▒.HZ.)..▒▒
▒▒▒▒▒▒ ▒▒.▒▒.▒▒▒ ▒▒▒▒▒▒


You could see a dire elephant simulacrum.


Message History

The ice devil freezes you. You resist.
* * * LOW HITPOINT WARNING * * *
You hit the ice devil. You tail-slap the ice devil.
You kill the ice devil!
Okawaru accepts your kill.
Base training target 15.0 for Axes reached!
Your base Axes skill increases to level 15!
You hit the dire elephant simulacrum.
The dire elephant simulacrum is lightly damaged.
You slash the dire elephant simulacrum!
The dire elephant simulacrum is moderately damaged.
The dire elephant simulacrum tramples you but does no damage.
The dire elephant simulacrum trunk-slaps you but does no damage.
You hit the dire elephant simulacrum but do no damage.
The dire elephant simulacrum is moderately damaged.
You hit the dire elephant simulacrum but do no damage.
The dire elephant simulacrum is moderately damaged.
The dire elephant simulacrum tramples you!
* * * LOW HITPOINT WARNING * * *
You stumble backwards!
You hit the dire elephant simulacrum.
You tail-slap the dire elephant simulacrum.
The dire elephant simulacrum is heavily damaged.
You slash the dire elephant simulacrum!
The dire elephant simulacrum is almost destroyed.
The dire elephant simulacrum tramples you but does no damage.
The dire elephant simulacrum trunk-slaps you!
You die...

Action                   |  1- 3 |  4- 6 |  7- 9 | 10-12 || total
-------------------------+-------+-------+-------+-------++-------
Melee: Hand axe          |   117 |   111 |    83 |       ||   311
       Tailslap          |    12 |    16 |    62 |    82 ||   172
       Punch             |     2 |     1 |     3 |       ||     6
       Unarmed           |       |     3 |       |       ||     3
       War axe           |       |       |   206 |       ||   206
       Battleaxe         |       |       |   164 |   452 ||   616
Invok: Heroism           |       |       |     3 |    17 ||    20
       Finesse           |       |       |       |     2 ||     2
 Abil: Rolling Charge    |     3 |     1 |    11 |     5 ||    20
Evoke: Wand              |       |     5 |    10 |     3 ||    18
  Use: Potion            |       |     2 |     2 |     4 ||     8
       Scroll            |       |       |       |    12 ||    12
 Stab: Sleeping          |     2 |       |       |       ||     2
Armor: Robe              |     9 |       |       |       ||     9
       Chain mail        |    63 |    74 |   297 |   108 ||   542
       Skin              |       |     6 |       |       ||     6
       Acid dragon scale |       |       |       |   130 ||   130
       Plate armour      |       |       |       |   152 ||   152
Dodge: Dodged            |    27 |    31 |   108 |   151 ||   317

Levels and vault maps discovered:
D:1:      dpeg_arrival_pond, layout_basic
D:2:      layout_rooms, ebering_ecumenical_altar_petrified, serial_shops,
          nicolae_shop_statue_plus, lexackson_kobold_supper
D:3:      layout_basic, gammafunk_temple_overflow_pools,
          chequers_serial_rivers_micro_e, nrook_loot_triangle, uniq_terence
D:4:      layout_cave_pools, gammafunk_ghost_split, serial_shops,
          nicolae_diamond_shop, nicolae_figureground_sparkle,
          uniq_blork_the_orc, uniq_ijyb, uniq_sigmund
D:5:      layout_cave_pools, serial_shops, nicolae_shop_bloodbath_and_beyond
D:6:      layout_basic, mainiacjoe_overflow_surrounded_room, kennysheep_diamond,
          uniq_crazy_yiuf_cottage, uniq_duvessa
D:7:      layout_basic, nicolae_yredelemnul_corpse_copse,
          minmay_temple_entry_overgrown
D:8:      layout_basic, grunt_temple_overflow_open, serial_rivers,
          chequers_serial_rivers_room_a, chequers_serial_rivers_micro_d,
          chequers_serial_rivers_large_b, chequers_serial_rivers_small_3,
          chequers_serial_rivers_micro_b, chequers_serial_rivers_small_3,
          minmay_misc_feat_iff
D:9:      layout_roguey, orc_0_dummy, grunt_ministairs_15
D:10:     layout_basic, lair_entry_dummy, minivault_1, lightli_corner_chamber,
          uniq_fannar, uniq_psyche
D:11:     layout_rooms, portal_ice_cave_entry_animals_and_master, minivault_16,
          hangedman_incinerator
IceCv:    ice_cave_small_necro

Notes
Turn   | Place    | Note
-------+----------+-------------------------------------------
     0 | D:1      | sanka the Palentonga Monk began the quest for the Orb.
     0 | D:1      | Reached XP level 1. HP: 19/19 MP: 1/1
   238 | D:1      | Reached XP level 2. HP: 25/25 MP: 2/2
   674 | D:2      | Reached skill level 4 in Axes
   980 | D:2      | Reached XP level 3. HP: 27/31 MP: 3/3
  1093 | D:2      | Found a faded altar of an unknown god.
  1177 | D:2      | Found Tomig's Book Boutique.
  1685 | D:3      | Reached XP level 4. HP: 24/37 MP: 4/4
  1693 | D:3      | Reached skill level 5 in Axes
  2011 | D:3      | Noticed Terence
  2027 | D:3      | Killed Terence
  2133 | D:3      | Reached XP level 5. HP: 43/43 MP: 5/5
  2500 | D:3      | Found a bloodstained altar of Trog.
  2500 | D:3      | Found a radiant altar of Vehumet.
  2612 | D:4      | Noticed Sigmund
  2675 | D:4      | Noticed Ijyb
  2684 | D:3      | Reached skill level 6 in Axes
  2721 | D:4      | Found Milyrgh's Antique Armour Boutique.
  3071 | D:3      | Reached skill level 7 in Axes
  3071 | D:3      | Reached XP level 6. HP: 29/50 MP: 6/6
  3279 | D:4      | Killed Sigmund
  3291 | D:4      | Noticed Blork the orc
  3303 | D:3      | Killed Blork the orc
  3304 | D:3      | Reached skill level 8 in Axes
  3304 | D:3      | Gained mutation: You curl defensively after being hit. (AC
                  | +7*) [Palentonga growth]
  3304 | D:3      | Reached XP level 7. HP: 30/55 MP: 7/7
  3458 | D:4      | Killed Ijyb
  4117 | D:4      | Noticed diceflayer's ghost (amateur DsFi)
  4118 | D:4      | Found a runed translucent gate.
  4119 | D:4      | Found a runed translucent gate.
  4165 | D:4      | Found a runed translucent gate.
  4425 | D:5      | Entered Level 5 of the Dungeon
  4557 | D:5      | Reached skill level 9 in Axes
  4914 | D:5      | Reached XP level 8. HP: 58/62 MP: 6/8
  5042 | D:5      | Found Taigic's Weapon Shoppe.
  5142 | D:6      | Noticed Duvessa
  5142 | D:6      | Noticed Dowan
  5207 | D:6      | Killed Duvessa
  5208 | D:6      | Reached skill level 10 in Axes
  5357 | D:6      | Killed Dowan
  5507 | D:6      | Reached skill level 11 in Axes
  5555 | D:6      | Found an iron altar of Okawaru.
  5569 | D:6      | Became a worshipper of Warmaster Okawaru
  5569 | D:6      | Reached * piety under Okawaru
  5569 | D:6      | Reached ** piety under Okawaru
  5598 | D:6      | Reached skill level 1 in Armour
  5959 | D:6      | Reached skill level 1 in Invocations
  6103 | D:6      | Reached skill level 2 in Invocations
  6436 | D:6      | Found a runed translucent door.
  6437 | D:6      | Noticed Crazy Yiuf
  6547 | D:6      | Killed Crazy Yiuf
  6548 | D:6      | Reached skill level 3 in Invocations
  6629 | D:7      | Reached skill level 4 in Invocations
  6864 | D:7      | Reached XP level 9. HP: 26/58 MP: 5/12
  6876 | D:7      | Reached skill level 4 in Fighting
  7148 | D:7      | Reached skill level 2 in Armour
  7572 | D:4      | Bought a runed scarf for 200 gold pieces
  7797 | D:7      | Reached *** piety under Okawaru
  7988 | D:7      | Reached skill level 3 in Armour
  8293 | D:7      | Found a staircase to the Ecumenical Temple.
  8298 | D:7      | Reached skill level 5 in Fighting
  8443 | D:7      | Found a basalt altar of Yredelemnul.
  8660 | D:8      | Reached skill level 12 in Axes
  8989 | D:8      | Found a shadowy altar of Dithmenos.
  9000 | D:8      | Found an opulent altar of Gozag.
  9009 | D:8      | Found a blossoming altar of Fedhas.
  9091 | D:8      | Reached **** piety under Okawaru
  9851 | D:9      | Reached XP level 10. HP: 64/81 MP: 10/13
  9943 | D:9      | Found a staircase to the Orcish Mines.
  9960 | D:9      | Noticed a skeletal warrior
  9960 | D:9      | Noticed a skeletal warrior
  9961 | D:9      | Noticed a skeletal warrior
  9961 | D:9      | Noticed a skeletal warrior
 10033 | D:9      | Reached skill level 4 in Armour
 10249 | D:9      | Reached skill level 5 in Invocations
 10502 | D:8      | Reached skill level 6 in Invocations
 10578 | D:9      | Received a gift from Okawaru
 10885 | D:10     | Entered Level 10 of the Dungeon
 10897 | D:10     | Noticed a rust devil
 10913 | D:9      | HP: 8/81 [poisoned by a killer bee]
 10917 | D:9      | Reached skill level 7 in Invocations
 11323 | D:10     | Reached skill level 8 in Invocations
 11327 | D:10     | Reached skill level 6 in Fighting
 11518 | D:10     | Noticed Psyche
 11525 | D:10     | Killed Psyche
 11525 | D:10     | Reached ***** piety under Okawaru
 11651 | D:10     | Noticed Fannar
 11680 | D:10     | Killed Fannar
 11785 | D:10     | Found a staircase to the Lair.
 11825 | D:10     | Identified +0 acid dragon scales
 11826 | D:10     | Reached skill level 7 in Fighting
 11826 | D:10     | Reached skill level 13 in Axes
 12165 | D:10     | Received a gift from Okawaru
 12166 | D:10     | Reached XP level 11. HP: 80/89 MP: 15/17
 12267 | D:10     | Noticed a boulder beetle
 12273 | D:10     | Noticed a tengu warrior
 12503 | D:10     | Learned a level 2 spell: Passwall
 12940 | D:4      | Killed diceflayer's ghost
 13187 | D:11     | Noticed an obsidian statue
 13214 | D:11     | Reached skill level 8 in Fighting
 13399 | D:11     | Noticed an eight-headed hydra
 13520 | D:11     | Found a frozen archway.
 13521 | D:11     | Noticed an ice dragon
 13553 | D:11     | Killed an ice dragon
 13573 | D:11     | Reached skill level 14 in Axes
 13685 | IceCv    | Entered an ice cave
 13697 | IceCv    | Reached skill level 9 in Fighting
 14834 | IceCv    | Found an ancient bone altar of Kikubaaqudgha.
 14842 | IceCv    | Received a gift from Okawaru
 14869 | IceCv    | HP: 8/96 [freezing wraith (3)]
 14869 | IceCv    | HP: 3/96 [freezing wraith (5)]
 15284 | IceCv    | Reached skill level 10 in Fighting
 15395 | IceCv    | Reached XP level 12. HP: 70/103 MP: 12/18
 15436 | IceCv    | Reached skill level 9 in Invocations
 16228 | IceCv    | HP: 6/103 [ice devil (5)]
 16234 | IceCv    | Reached skill level 15 in Axes
 16237 | IceCv    | HP: 3/103 [dire elephant simulacrum (11)]
 16239 | IceCv    | Slain by a dire elephant simulacrum

Vanquished Creatures
  Fannar (D:10)
  An ice dragon (D:11)
  A necromancer (IceCv)
  2 cyclopes (D:11)
  A kobold demonologist (D:10)
  Psyche (D:10)
  5 freezing wraiths (IceCv)
  3 anaconda simulacra (IceCv)
  10 ice devils (IceCv)
  3 polar bears (D:11)
  A troll (D:11)
  2 vampires (D:11)
  Sigmund (D:4)
  A wyvern (D:9)
  2 dire elephant simulacra (IceCv)
  2 wraiths
  12 yaks
  The ghost of diceflayer the Chopper, an amateur DsFi (D:4)
  3 death yak simulacra (IceCv)
  2 harpy simulacra (IceCv)
  An acid dragon (D:10)
  2 water moccasins
  Duvessa (D:6)
  2 ice beasts
  An ogre (D:7)
  A centaur (D:9)
  A wolf (D:11)
  2 phantoms
  3 kobold brigands
  3 scorpions
  4 bullfrogs
  2 necrophages (D:4)
  A gnoll sergeant (D:8)
  2 wyvern zombies (D:7)
  Blork the orc (D:3)
  A two-headed ogre simulacrum (IceCv)
  5 cane toad simulacra (IceCv)
  A water moccasin zombie (D:7)
  23 wights
  Dowan (D:6)
  3 elephant simulacra (IceCv)
  14 killer bees
  2 howler monkeys
  5 orc priests
  A bullfrog zombie (D:7)
  2 centaur zombies (D:7)
  5 hounds
  4 jellies
  Crazy Yiuf (D:6)
  3 iguanas
  Ijyb (D:4)
  Terence (D:3)
  9 orc wizards
  A troll simulacrum (IceCv)
  5 polar bear simulacra (IceCv)
  A killer bee zombie (D:7)
  4 wolf simulacra (IceCv)
  A howler monkey zombie (D:7)
  9 gnolls
  9 adders
  4 naga simulacra (IceCv)
  3 shadow imps
  3 white imps
  2 worms (D:2)
  4 dart slugs
  37 orcs
  7 bats
  3 endoplasms
  7 goblins
  3 hobgoblins
  4 quokkas
  2 ball pythons
  3 frilled lizards
  26 kobolds
  12 rats
314 creatures vanquished.

Vanquished Creatures (others)
  4 plants (D:2)
4 creatures vanquished.

Grand Total: 318 creatures vanquished
